 Dungeon Crawl Stone Soup version 0.28-a0-385-g79de503ca0 (webtiles) character file.

Game seed: 9528273556305996055

18479 Decipherer the Cleaver (level 12, -30/106 HPs)
             Began as a Minotaur Berserker on Sept 3, 2021.
             Was a High Priest of Trog.
             Killed from afar by a deep elf pyromancer (36 damage)
             ... with a bolt of fire
             ... on level 11 of the Dungeon.
             The game lasted 00:15:51 (11351 turns).

Decipherer the Cleaver (Minotaur Berserker)        Turns: 11351, Time: 00:15:51

Health: -30/106    AC: 27    Str: 25    XL:     12   Next: 28%
Magic:  9/9        EV:  7    Int: 11    God:    Trog [*****.]
Gold:   256        SH: 10    Dex: 13    Spells: 11/11 levels left

rFire   x . .      SeeInvis .   F - +1 broad axe (holy)
rCold   + + .      Faith    .   o - +0 kite shield
rNeg    . . .      Spirit   .   M - +0 crystal plate armour
rPois   +          Reflect  .   (helmet restricted)
rElec   +          Harm     .   y - +1 cloak
rCorr   .          Rampage  .   q - +1 pair of gloves
Will    .....                   (no boots)
Stlth   ..........              (no amulet)
HPRegen 0.27/turn               N - ring "Beetre" {rElec rPois rC+ Int+6}
MPRegen 0.11/turn               A - ring of Trepidation {Ice Str+2 Slay+3}

@: about to teleport, on berserk cooldown, slowed, very slow
A: horns 2, retaliatory headbutt, claws 1, iridescent scales 1, deterioration 1,
low mp 1
a: Renounce Religion, Berserk, Trog's Hand, Brothers in Arms


You were on level 11 of the Dungeon.
You worshipped Trog.
Trog was extremely pleased with you.
You visited 1 branch of the dungeon, and saw 11 of its levels.
You also visited: Bailey.

You collected 949 gold pieces.
You spent 693 gold pieces at shops.

Inventory:

Hand Weapons
 F - a +1 broad axe of holy wrath (weapon)
Missiles
 b - 11 javelins
 j - 70 poisoned darts
 x - 2 silver boomerangs
 C - 11 curare-tipped darts
 J - 61 boomerangs
Armour
 o - a +0 kite shield (worn)
 q - a +1 pair of gloves (worn)
 u - a +0 pair of gloves
 y - a +1 cloak (worn)
 B - a +0 chain mail
 M - a +0 crystal plate armour (worn)
 T - +0 acid dragon scales
Jewellery
 m - a ring of ice
 s - a ring of protection from cold
 A - the ring of Trepidation (right hand) {Ice Str+2 Slay+3}
   (You found it on level 5 of the Dungeon)

   [ring of ice]

   It enhances your ice magic.
   Str:       It affects your strength (+2).
   Slay:      It affects your accuracy & damage with ranged weapons and melee
   (+3).
   rF:        It makes you vulnerable to fire.
   rC:        It protects you from cold.
 D - the ring of Cirouvug {Fly rCorr}
   (You found it on level 5 of the Dungeon)

   [ring of flight]

   Fly:       It grants you flight.
   rCorr:     It protects you from acid and corrosion.
 N - the ring "Beetre" (left hand) {rElec rPois rC+ Int+6}
   (You found it in a bailey)

   [ring of intelligence]

   Int:       It affects your intelligence (+6).
   rC:        It protects you from cold.
   rElec:     It insulates you from electricity.
   rPois:     It protects you from poison.
 P - an amulet of guardian spirit
Wands
 d - a wand of digging (3)
 f - a wand of polymorph (8)
 U - a wand of paralysis (11)
Scrolls
 c - 5 scrolls of amnesia {unknown}
 g - 2 scrolls of summoning {unknown}
 h - 7 scrolls of identify
 i - 2 scrolls of magic mapping
 n - 4 scrolls of enchant armour
 r - 6 scrolls of teleportation
 t - 2 scrolls of fear
 z - 2 scrolls of enchant weapon
 H - a scroll of vulnerability {unknown}
 Q - a scroll of noise {unknown}
 R - a scroll of immolation
 S - 2 scrolls of blinking
Potions
 a - a potion of might
 e - a potion of flight
 k - a potion of mutation
 l - 3 potions of lignification
 p - 3 potions of magic {unknown}
 w - 2 potions of haste
 E - a potion of heal wounds
 G - 2 potions of degeneration {unknown}
 I - 3 potions of cancellation {unknown}
 K - a potion of attraction {unknown}
 O - 3 potions of curing
Miscellaneous
 v - a piece from Xom's chessboard (15/15)
 L - a phantom mirror


   Skills:
 + Level 9.7 Fighting
 + Level 13.8 Axes
 + Level 3.6 Throwing
 + Level 10.1 Armour
 * Level 10.4 Dodging
 + Level 2.3 Stealth
 + Level 8.4 Shields
 + Level 1.0 Evocations


You had 11 spell levels left.
You didn't know any spells.
Your spell library contained the following spells:

 Spells                   Type           Power      Damage    Failure   Level
 Animate Skeleton         Necr           0%         N/A       100%        1
 Beastly Appendage        Tmut           0%         N/A       100%        1
 Foxfire                  Conj/Fire      0%         2x1d4     100%        1
 Pain                     Necr           0%         1d4       100%        1
 Static Discharge         Conj/Air       0%         N/A       100%        2
 Wereblood                Tmut           0%         N/A       100%        2
 Conjure Flame            Conj/Fire      0%         6-21      100%        3
 Gell's Gravitas          Tloc           0%         N/A       100%        3
 Ignite Poison            Fire/Tmut/Pois 0%         N/A       100%        3
 Inner Flame              Hex/Fire       0%         N/A       100%        3
 Lesser Beckoning         Tloc           0%         N/A       100%        3
 Mephitic Cloud           Conj/Pois/Air  0%         N/A       100%        3
 Spider Form              Tmut/Pois      0%         N/A       100%        3
 Teleport Other           Tloc           0%         N/A       100%        3
 Vampiric Draining        Necr           0%         2d6       100%        3
 Airstrike                Air            0%         N/A       100%        4
 Dispel Undead            Necr           0%         3d6       100%        4
 Sticky Flame             Conj/Fire      0%         2d3       100%        4
 Summon Lightning Spire   Summ/Air       0%         N/A       100%        4
 Bolt of Magma            Conj/Fire/Erth 0%         4d4       100%        5
 Lightning Bolt           Conj/Air       0%         1d11      100%        5


Dungeon Overview and Level Annotations

Branches:
Dungeon (11/15)            Temple (0/1) D:6            Lair (0/6) D:8
 Bailey (visited)
    Orc: D:9-12

Altars:
Elyvilon
Hepliaklqana
Nemelex Xobeh
Qazlal
Sif Muna
Wu Jian
Xom
Zin
The Shining One

Shops:
D:11 ?


Innate Abilities, Weirdness & Mutations

You have a pair of horns on your head.
You reflexively headbutt those who attack you in melee.
You have sharp fingernails.
You are partially covered in iridescent scales. (AC +2)
Your body sometimes deteriorates upon taking damage.
Your magical capacity is low. (-10% MP)


Message History

You barely miss the centaur warrior.
You headbutt the centaur warrior, but do no damage.
The centaur warrior is severely wounded.
The centaur warrior hits you but does no damage.
The centaur warrior kicks you. The centaur warrior hits you.
The centaur warrior kicks you but does no damage.
You barely miss the centaur warrior. You headbutt the centaur warrior!
The centaur warrior is almost dead.
You block the centaur warrior's attack.
The centaur warrior kicks you but does no damage.
The centaur warrior hits you but does no damage.
The centaur warrior kicks you but does no damage.
The centaur warrior hits you but does no damage.
You block the centaur warrior's attack.
You hit the centaur warrior.
You kill the centaur warrior!
Trog accepts your kill.
The shadow strikes at you from the darkness!
* * * LOW HITPOINT WARNING * * *
Reactivating autopickup.
You hit the shadow but do no damage.
You headbutt the shadow, but do no damage.
The shadow hits you.
The shadow slips into darkness.
The shadow flickers and vanishes!
Deactivating autopickup; reactivate with Ctrl-A.
You miss something.
The shadow strikes at you from the darkness!
* * * LOW HITPOINT WARNING * * *
Reactivating autopickup.
Blink to where?
Press: ? - help, Dir - move target An ugly thing and a deep elf pyromancer come into view.
As you read the scroll of blinking, it crumbles to dust.
The deep elf pyromancer shouts!
The red ugly thing gurgles horribly!
As you read the scroll of teleportation, it crumbles to dust.
You feel strangely unstable.
The deep elf pyromancer casts a spell at you.
The bolt of fire hits you!!! The fire burns you terribly!
You die...

# #.#.#.#..#..#.# #
#########.###.. #
#.#.##⌠...⌠#.. # #
.#..#..#..#.. #
#.#.#)).###.#.# #
#.#.#)#..#..#.# #
#...##⌠...⌠#.# # ##
#########.#########.. #
..#...@.#.....#8.8.8#..
# .#.....#.###.#.8.8.#..
#
......#..###[#..8.8.8#..
#
.ue#..W..##..#)#.8.8.#.#
# ..
#.....#.....#8.8.8#.# #
. ###)###########.###.#
# #.)§..#.....#.....#.#
# #.#####.#.#)#..#..#.#
# #)†.).....#.......#.#


You could see a red ugly thing, a deep elf pyromancer and a shadow.

Vanquished Creatures
  A yaktaur captain (D:11)
  A rakshasa (D:11)
  2 boulder beetles (D:11)
  2 centaur warriors (D:11)
  5 two-headed ogres
  A tengu warrior (D:11)
  A skeletal warrior (D:11)
  A cyclops (D:11)
  3 manticores
  Joseph (D:7)
  Maggie (D:7)
  A komodo dragon (D:8)
  A troll (D:11)
  A freezing wraith (D:11)
  Grinder (D:4)
  A meliai zombie (D:11)
  Sigmund (D:6)
  A wyvern (D:8)
  A vampire (D:11)
  2 wraiths
  A steam dragon (D:6)
  2 basilisks (D:11)
  3 vampire mosquitoes (D:11)
  Menkaure (D:6)
  An acid dragon (D:11)
  5 orc warriors
  An ice beast (D:6)
  4 sky beasts
  A necrophage (D:4)
  An ogre (D:7)
  13 centaurs
  2 kobold brigands
  4 bullfrogs
  2 gnoll sergeants
  3 scorpions
  3 water moccasin skeletons
  4 killer bees
  6 wights
  A bullfrog zombie (D:5)
  4 centaur zombies
  3 hounds
  2 centaur skeletons (D:6)
  Crazy Yiuf (D:6)
  2 iguanas (D:4)
  5 orc priests
  A scorpion zombie (D:5)
  9 orc wizards
  A killer bee zombie (D:6)
  Robin (D:3)
  10 gnolls
  5 adders
  A shadow imp (D:6)
  5 white imps
  An adder skeleton (D:4)
  2 worms
  2 dart slugs
  22 orcs
  8 ball pythons
  4 endoplasms
  2 giant cockroaches
  16 goblins
  11 hobgoblins
  3 jackals (D:1)
  4 quokkas
  6 bats
  A frilled lizard (D:1)
  23 kobolds
  A rat (D:2)
  A spectral orc (D:5)
244 creatures vanquished.

Vanquished Creatures (collateral kills)
  The ghost of RinnBerevan the Cleaver, a novice HOFi of Beogh (D:6)
1 creature vanquished.

Vanquished Creatures (others)
  A butterfly (D:6)
  12 plants (D:8)
13 creatures vanquished.

Grand Total: 258 creatures vanquished

Notes
Turn   | Place    | Note
-------+----------+-------------------------------------------
     0 | D:1      | Decipherer the Minotaur Berserker began the quest for the
                  | Orb.
     0 | D:1      | Reached XP level 1. HP: 19/19 MP: 0/0
   247 | D:1      | Reached XP level 2. HP: 22/27 MP: 1/1
   385 | D:1      | Reached skill level 4 in Axes
   683 | D:2      | Reached XP level 3. HP: 33/34 MP: 2/2
   944 | D:2      | Reached ** piety under Trog
  1365 | D:3      | Noticed Robin
  1373 | D:3      | Reached XP level 4. HP: 41/41 MP: 3/3
  1376 | D:3      | Killed Robin
  1377 | D:3      | Reached skill level 5 in Axes
  1626 | D:3      | Found a white marble altar of Elyvilon.
  1821 | D:4      | Reached *** piety under Trog
  1870 | D:4      | Noticed a necrophage
  1885 | D:4      | Killed a necrophage
  1886 | D:4      | Reached XP level 5. HP: 38/47 MP: 4/4
  1955 | D:4      | Reached skill level 5 in Fighting
  2074 | D:4      | Noticed Grinder
  2079 | D:4      | Reached skill level 6 in Axes
  2085 | D:4      | Reached skill level 1 in Shields
  2085 | D:4      | Reached XP level 6. HP: 31/56 MP: 5/5
  2093 | D:4      | Killed Grinder
  2094 | D:4      | Reached skill level 1 in Stealth
  2738 | D:4      | Reached XP level 7. HP: 55/61 MP: 6/6
  2778 | D:4      | Found an ornate altar of the Wu Jian Council.
  2778 | D:4      | Found a glowing silver altar of Zin.
  2786 | D:4      | Found a faded altar of an unknown god.
  2788 | D:4      | Found a stormy altar of Qazlal.
  2790 | D:4      | Found a sparkling altar of Nemelex Xobeh.
  2866 | D:5      | Entered Level 5 of the Dungeon
  2881 | D:5      | Reached skill level 5 in Armour
  3380 | D:5      | Identified the ring of Trepidation {Ice Str+2 Slay+3}
  3420 | D:5      | Identified the +4 scale mail of the Eternal Void {Dex+4}
  3428 | D:5      | Identified the ring of Cirouvug {Fly rCorr}
  3439 | D:5      | Found a hazy altar of Hepliaklqana.
  3531 | D:5      | Reached skill level 7 in Axes
  3756 | D:5      | Identified the +0 robe "Vetzuireakh" {Will++}
  3851 | D:5      | Found a glowing golden altar of the Shining One.
  4134 | D:6      | Found a shimmering altar of Xom.
  4134 | D:6      | Found a runed translucent gate.
  4134 | D:6      | Found a runed translucent gate.
  4134 | D:6      | Found a runed translucent gate.
  4143 | D:6      | Noticed a steam dragon
  4155 | D:6      | Killed a steam dragon
  4163 | D:6      | Gained mutation: Your magical capacity is low. (-10% MP)
                  | [potion of mutation]
  4163 | D:6      | Gained mutation: Your body sometimes deteriorates upon
                  | taking damage. [potion of mutation]
  4163 | D:6      | Gained mutation: You have sharp fingernails. [potion of
                  | mutation]
  4163 | D:6      | Gained mutation: You are partially covered in iridescent
                  | scales. (AC +2) [potion of mutation]
  4166 | D:6      | Noticed Sigmund
  4176 | D:6      | Reached XP level 8. HP: 46/70 MP: 6/6
  4197 | D:6      | Killed Sigmund
  4197 | D:6      | Reached **** piety under Trog
  4241 | D:6      | Reached skill level 5 in Dodging
  4519 | D:6      | Noticed Menkaure
  4526 | D:6      | Killed Menkaure
  4527 | D:6      | Reached skill level 1 in Throwing
  4717 | D:6      | Noticed RinnBerevan's ghost (novice HOFi)
  4765 | D:6      | Found a staircase to the Ecumenical Temple.
  4935 | D:6      | Reached skill level 8 in Axes
  5129 | D:6      | Found a runed translucent door.
  5130 | D:6      | Noticed Crazy Yiuf
  5135 | D:6      | Killed Crazy Yiuf
  5250 | D:6      | Killed RinnBerevan's ghost
  5251 | D:6      | Reached XP level 9. HP: 78/78 MP: 7/7
  5309 | D:7      | Noticed Maggie
  5320 | D:7      | Killed Maggie
  5321 | D:7      | Reached skill level 1 in Evocations
  5613 | D:7      | Noticed Joseph
  5624 | D:7      | Killed Joseph
  5625 | D:7      | Reached skill level 9 in Axes
  6205 | D:7      | Reached skill level 5 in Shields
  6364 | D:7      | Found a shimmering blue altar of Sif Muna.
  6781 | D:8      | Reached skill level 10 in Axes
  6860 | D:8      | Found a flagged portal.
  6875 | Bailey   | Entered a bailey
  6901 | Bailey   | Reached XP level 10. HP: 82/86 MP: 8/8
  6918 | Bailey   | Found a burning altar of Makhleb.
  6947 | Bailey   | Identified the ring "Beetre" {rElec rPois rC+ Int+6}
  7301 | D:8      | Found a staircase to the Lair.
  7307 | D:8      | Reached ***** piety under Trog
  8078 | D:9      | Noticed a two-headed ogre
  8084 | D:9      | Killed a two-headed ogre
  8085 | D:9      | Reached skill level 11 in Axes
  8211 | D:9      | You fall into a shaft and drop 1 floor!
  8211 | D:10     | Entered Level 10 of the Dungeon
  8211 | D:10     | Noticed a manticore
  8217 | D:10     | Killed a manticore
  8763 | D:10     | Noticed a two-headed ogre
  8777 | D:10     | Killed a two-headed ogre
  8995 | D:10     | Found Zeizxu's Magic Scroll Boutique.
  9048 | D:10     | Bought a scroll of fear for 38 gold pieces
  9048 | D:10     | Bought a scroll of enchant weapon for 82 gold pieces
  9048 | D:10     | Bought a scroll of teleportation for 33 gold pieces
  9048 | D:10     | Bought a scroll of identify for 22 gold pieces
  9048 | D:10     | Bought a scroll of immolation for 38 gold pieces
  9048 | D:10     | Bought a scroll of blinking for 82 gold pieces
  9048 | D:10     | Bought a scroll of magic mapping for 38 gold pieces
  9276 | D:11     | Noticed a manticore
  9283 | D:11     | Killed a manticore
  9284 | D:11     | Reached XP level 11. HP: 75/95 MP: 8/8
  9507 | D:11     | Reached skill level 12 in Axes
  9753 | D:11     | Found Puzesaz's Magic Scroll Shoppe.
  9760 | D:11     | Bought a scroll of enchant armour for 120 gold pieces
  9760 | D:11     | Bought a scroll of blinking for 120 gold pieces
  9760 | D:11     | Bought a scroll of blinking for 120 gold pieces
  9963 | D:11     | Noticed a two-headed ogre
  9972 | D:11     | Killed a two-headed ogre
  9975 | D:11     | Noticed a yaktaur captain
  9980 | D:11     | Killed a yaktaur captain
 10310 | D:11     | Noticed a two-headed ogre
 10319 | D:11     | Killed a two-headed ogre
 10321 | D:11     | Noticed a boulder beetle
 10334 | D:11     | Noticed a skeletal warrior
 10338 | D:11     | Killed a boulder beetle
 10350 | D:11     | Killed a skeletal warrior
 10351 | D:11     | Reached skill level 13 in Axes
 10372 | D:11     | Noticed a centaur warrior
 10792 | D:11     | Noticed a tengu warrior
 10800 | D:11     | Killed a tengu warrior
 11048 | D:11     | Noticed a rakshasa
 11048 | D:11     | Noticed a boulder beetle
 11064 | D:11     | Killed a rakshasa
 11065 | D:11     | Reached skill level 10 in Dodging
 11069 | D:11     | Killed a boulder beetle
 11070 | D:11     | Reached XP level 12. HP: 97/105 MP: 9/9
 11248 | D:11     | Noticed a two-headed ogre
 11259 | D:11     | Killed a two-headed ogre
 11329 | D:11     | Noticed a centaur warrior
 11337 | D:11     | Killed a centaur warrior
 11338 | D:11     | Reached skill level 10 in Armour
 11342 | D:11     | Noticed a centaur warrior
 11347 | D:11     | Killed a centaur warrior
 11349 | D:11     | HP: 5/106 [something (16)]
 11351 | D:11     | Killed from afar by a deep elf pyromancer

Illustrated notes

Levels and vault maps discovered:
D:1:      nicolae_arrival_memento_mori, layout_basic, amcnicky_mini_pool_small
D:2:      layout_loops_ring
D:3:      layout_basic, elyvilon_altar_5, uniq_robin
D:4:      layout_rooms, chequers_temple_overflow_minitemple, uniq_grinder
D:5:      layout_loops_corners, mainiacjoe_overflow_alcove_4,
          nicolae_hepliaklqana_monster_ancestors
D:6:      layout_rooms, xom_butterflies, minmay_temple_entry_statues_fountains,
          gammafunk_ghost_necromancy, nrook_uturn, uniq_crazy_yiuf_cottage,
          uniq_sigmund, uniq_menkaure
D:7:      layout_gridville, mainiacjoe_overflow_surrounded_room,
          roderic_lattice_a, minmay_liquid_box, uniq_maggie, uniq_joseph
D:8:      layout_cave_pools, david_lair_shrubbed, enter_bailey_5
D:9:      layout_loops_cross, david_orc_4
D:10:     layout_long_grid, serial_shops, shop_coins
D:11:     minmay_the_grid_square_5x5_5x5 [minmay_the_grid_square_5x5_shrine1,
          minmay_the_grid_square_5x5_bite, minmay_the_grid_square_5x5_spiral,
          minmay_the_grid_square_5x5_three_walls,
          minmay_the_grid_square_5x5_checkered,
          minmay_the_grid_square_5x5_minivault,
          minmay_the_grid_square_5x5_prize_monsterx,
          minmay_the_grid_square_5x5_eight_small,
          minmay_the_grid_square_5x5_prize_snowflake,
          minmay_the_grid_square_5x5_three_small,
          minmay_the_grid_square_5x5_shrine2, minmay_the_grid_square_5x5_v,
          minmay_the_grid_square_5x5_prize_waves,
          minmay_the_grid_square_5x5_fancy_junction,
          minmay_the_grid_square_5x5_dogpile,
          minmay_the_grid_square_5x5_checkered_statues,
          minmay_the_grid_square_5x5_prize_pseudospiral,
          minmay_the_grid_square_5x5_one_wall,
          minmay_the_grid_square_5x5_prize_gold,
          minmay_the_grid_square_5x5_hollow_slash,
          minmay_the_grid_square_5x5_two_walls_b,
          minmay_the_grid_square_5x5_meh, minmay_the_grid_square_5x5_six,
          minmay_the_grid_square_5x5_longway,
          minmay_the_grid_square_5x5_pentomino_r], layout_loops_ring,
          serial_shops, shop

Skill      XL: |  1  2  3  4  5  6  7  8  9 10 11 12 |
---------------+-------------------------------------+-----
Fighting       | 4 5 6 7 8 9 |  9.7
Axes           | 4 5 6 7 8 10 11 13 | 13.8
Armour         | 3 4 5 6 7 9 10 | 10.1
Shields        | 1 2 4 5 6 8 |  8.4
Stealth        | 1 2 |  2.3
Dodging        | 3 4 6 7 8 10 | 10.4
Throwing       | 2 3 |  3.6
Evocations     | 1 |  1.0

Action                   |  1- 3 |  4- 6 |  7- 9 | 10-12 || total
-------------------------+-------+-------+-------+-------++-------
Melee: Hand axe          |    80 |    82 |    96 |       ||   258
       Headbutt          |    11 |    18 |    50 |    81 ||   160
       Broad axe         |       |       |    70 |   280 ||   350
Throw: Dart              |       |       |    19 |       ||    19
       Javelin           |       |       |     6 |       ||     6
Invok: Berserk           |     1 |     1 |     4 |     5 ||    11
       Trog's Hand       |       |       |     1 |       ||     1
       Brothers in Arms  |       |       |     1 |       ||     1
Evoke: Wand              |       |       |     4 |       ||     4
       Piece from Xom's  |       |       |     1 |       ||     1
  Use: Potion            |       |       |     9 |     1 ||    10
       Scroll            |       |       |       |     3 ||     3
 Stab: Sleeping          |     1 |       |       |       ||     1
       Invisible         |       |       |     1 |       ||     1
       Paralysed         |       |       |     3 |       ||     3
Armor: Animal skin       |     3 |       |       |       ||     3
       Chain mail        |    25 |    43 |    33 |       ||   101
       Skin              |       |       |    63 |       ||    63
       Scale mail        |       |       |    82 |     5 ||    87
       Crystal plate arm |       |       |       |   272 ||   272
Dodge: Dodged            |    56 |    20 |    87 |    77 ||   240
Block: Kite shield       |       |    26 |   125 |   186 ||   337

Table legend: (Time is in decaauts)
 A = Elapsed time spent in this place.
 B = Non-inter-level travel time spent in this place.
 C = Inter-level travel time spent in this place.
 D = Time resting spent in this place.
 E = Time spent auto-exploring this place.
 F = Levels seen in this place.
 G = Mean time per level.
                   A        B        C        D        E       F      G
               +--------+--------+--------+--------+--------+-----+--------+
         Total |  11563 |  11423 |    140 |      0 |   9466 |  12 |  963.6 |
       Dungeon |  11332 |  11192 |    140 |      0 |   9466 |  11 | 1030.2 |
        Bailey |    230 |    230 |      0 |      0 |      0 |   1 |  230.0 |
               +--------+--------+--------+--------+--------+-----+--------+

Top non-repeatable levels by time:
    D:11: 2116 daAuts
     D:7: 1485 daAuts
     D:5: 1276 daAuts
     D:6: 1171 daAuts
     D:4: 1092 daAuts
    D:10: 1074 daAuts
     D:8: 889 daAuts
     D:2: 671 daAuts
     D:1: 657 daAuts
     D:3: 487 daAuts
     D:9: 410 daAuts
  Bailey: 230 daAuts
